 Dungeon Crawl Stone Soup version 0.28.0-45-g0d030f2227 (webtiles) character file.

Game seed: 13033099760595228158

5925 vomas the Fighter (level 10, -3/100 HPs)
             Began as a Minotaur Fighter on Apr 22, 2022.
             Was an Elder of Okawaru.
             Slain by a fire elemental (8 damage)
             ... summoned by a deep elf pyromancer
             ... on level 10 of the Dungeon.
             The game lasted 00:38:51 (8656 turns).

vomas the Fighter (Minotaur Fighter)                Turns: 8656, Time: 00:38:52

Health: -3/100     AC: 29    Str: 24    XL:     10   Next: 53%
Magic:  17/18      EV:  8    Int:  8    God:    Okawaru [****..]
Gold:   387        SH: 23    Dex: 11    Spells: 9/9 levels left

rFire   . . .      SeeInvis .   a - +1 war axe
rCold   + . .      Faith    .   G - +0 tower shield
rNeg    . . .      Spirit   .   H - +8 chain mail "Runiul Uskell" {Harm rPois MP+9 Int+3}
rPois   +          Reflect  +   (helmet restricted)
rElec   .          Harm     +   c - +1 cloak
rCorr   .          Rampage  .   (no gloves)
Will    .....                   i - +0 pair of boots
Stlth   ..........              E - amulet of reflection
HPRegen 0.26/turn               o - +4 ring of protection
MPRegen 0.16/turn               s - ring of protection from cold

@: heroic, hasted, very quick
A: horns 2, retaliatory headbutt
a: Renounce Religion, Heroism, Finesse


You were on level 10 of the Dungeon.
You worshipped Okawaru.
Okawaru was greatly pleased with you.
You visited 3 branches of the dungeon, and saw 12 of its levels.

You collected 588 gold pieces.
You spent 201 gold pieces at shops.

Inventory:

Hand Weapons
 a - a +1 war axe (weapon)
 d - a +2 antimagic dire flail
 e - a +1 dagger of draining
 n - a +1 dagger of flaming
 v - a +0 hunting sling
 y - a +1 whip of electrocution
Missiles
 l - a boomerang (quivered)
 w - 19 poisoned darts
 F - 50 sling bullets
Armour
 c - a +1 cloak (worn)
 i - a +0 pair of boots (worn)
 G - a +0 tower shield (worn)
 H - the +8 chain mail "Runiul Uskell" (worn) {Harm rPois MP+9 Int+3}
   (You found it on level 7 of the Dungeon)

   Int:       It affects your intelligence (+3).
   rPois:     It protects you from poison.
   MP:        It affects your magic capacity (+9).
   Harm:      It increases damage dealt and taken.
Magical Staves
 m - a staff of conjuration
Jewellery
 f - an amulet of the acrobat
 o - a +4 ring of protection (left hand)
 s - a ring of protection from cold (right hand)
 E - an amulet of reflection (around neck)
Wands
 j - a wand of polymorph (8)
 x - a wand of iceblast (15)
Scrolls
 k - 3 scrolls of amnesia
 u - a scroll of fog
 z - 2 scrolls of enchant weapon
 B - 4 scrolls of identify
Potions
 b - a potion of haste
 g - 2 potions of brilliance
 h - 3 potions of curing
 p - a potion of lignification
 q - a potion of cancellation {unknown}
 r - 2 potions of ambrosia
 t - 3 potions of attraction
 C - a potion of degeneration {unknown}
 D - 3 potions of flight


   Skills:
 * Level 12.8(17.8) Fighting
 - Level 2.4(7.4) Axes
 + Level 2.9(7.9) Throwing
 + Level 10.3(15.3) Armour
 + Level 0.8(5.8) Stealth
 + Level 10.4(15.4) Shields
 + Level 0.3(5.3) Unarmed Combat
 + Level 0.8 Invocations
 + Level 0.3 Evocations


You had 9 spell levels left.
You didn't know any spells.
Your spell library contained the following spells:

 Spells                   Type           Power      Damage    Failure   Level
 Sting                    Tmut/Pois      0%         1d3       99%         1
 Poisonous Vapours        Pois/Air       0%         N/A       100%        2
 Wereblood                Tmut           0%         N/A       100%        2
 Gell's Gravitas          Tloc           0%         N/A       100%        3
 Lesser Beckoning         Tloc           0%         N/A       100%        3
 Spider Form              Tmut/Pois      0%         N/A       100%        3
 Teleport Other           Tloc           0%         N/A       100%        3
 Dispel Undead            Necr           0%         3d6       100%        4
 Olgreb's Toxic Radiance  Pois           0%         N/A       100%        4
 Orb of Destruction       Conj           0%         9d5       100%        7
 Death's Door             Necr           0%         N/A       100%        9
 Summon Guardian Golem    Hex/Summ       Unusable   N/A       N/A         3
 Spellforged Servitor     Conj/Summ      Unusable   N/A       N/A         7

Dungeon Overview and Level Annotations

Branches:
Dungeon (10/15)            Temple (1/1) D:5            Lair (1/6) D:10
    Orc (0/2) D:10

Altars:
Ashenzari
Cheibriados
Dithmenos
Elyvilon
Fedhas
Gozag
Hepliaklqana
Kikubaaqudgha
Makhleb
Nemelex Xobeh
Okawaru
Qazlal
Ru
Sif Muna
Trog
Uskayaw
Vehumet
Wu Jian
Xom
Yredelemnul
Zin
The Shining One

Shops:
D:2 :   D:10 *


Innate Abilities, Weirdness & Mutations

You have a pair of horns on your head.
You reflexively headbutt those who attack you in melee.


Message History

The nine-headed hydra bites you but does no damage.
You block the nine-headed hydra's attack.
The nine-headed hydra closely misses you.
The nine-headed hydra bites you but does no damage. x3
You block the nine-headed hydra's attack. x2
The deep elf pyromancer gestures wildly while chanting.
The orc hits you but does no damage.
Aiming: Iceblast
Press: ? - help, Shift-Dir - straight line, f/p - nine-headed hydra
Aim: a nine-headed hydra (lightly wounded) That beam is likely to hit you.
Continue anyway?
The mass of ice explodes!
The iceblast engulfs the nine-headed hydra!!
The nine-headed hydra is heavily wounded.
The iceblast engulfs the orc!
You kill the orc!
Okawaru accepts your kill. The iceblast engulfs you! You partially resist.
* * * LOW HITPOINT WARNING * * *
The nine-headed hydra bites you but does no damage.
The nine-headed hydra misses you.
You block the nine-headed hydra's attack. x2
The nine-headed hydra bites you but does no damage. x3
You block the nine-headed hydra's attack.
The nine-headed hydra bites you!
* * * LOW HITPOINT WARNING * * *
You feel better.
You feel better.
The nine-headed hydra bites you but does no damage. x2
You block the nine-headed hydra's attack.
The nine-headed hydra bites you.
* * * LOW HITPOINT WARNING * * *
You block the nine-headed hydra's attack. x2
The nine-headed hydra bites you!
* * * LOW HITPOINT WARNING * * *
The nine-headed hydra bites you but does no damage.
The nine-headed hydra bites you!
* * * LOW HITPOINT WARNING * * *
The fire elemental hits you. The fire elemental burns you!
You die...

#...# #.. . #...# #.########
# ##...# #.#?.....# #..#.#
#.#∩####.####
#..#.###########.#.#..#.....
#.........eE○..#............
##..#######E##.#.....####..#
#..#######E#..............#
#.......[)@................
##.#######D####.....^......
#.# #...>.......####.# #.#
#######.....# #)# ..#
#####.# #<# ..# .# #.# ...#
# ... ... #... #.#.


You could see a nine-headed hydra, a deep elf pyromancer and 3 fire elementals.

Vanquished Creatures
  Pikel (D:6)
  Joseph (D:7)
  Sigmund (D:3)
  7 yaks
  A shadow (D:9)
  A wraith (D:10)
  An acid dragon (D:9)
  Edmund (D:5)
  4 water moccasins
  A black bear (D:8)
  Duvessa (D:6)
  2 orc warriors
  A sky beast (D:8)
  An ogre (D:5)
  2 necrophages
  4 centaurs
  A lemure (D:6)
  A phantom (D:4)
  2 kobold brigands (D:9)
  3 bullfrogs
  2 gnoll sergeants
  Dowan (D:6)
  10 killer bees (D:9)
  5 howler monkeys
  A bullfrog zombie (D:6)
  4 centaur zombies
  A jelly (D:7)
  Crazy Yiuf (D:4)
  2 hounds
  4 orc priests
  Ijyb (D:5)
  7 orc wizards
  2 hound skeletons
  A howler monkey zombie (D:8)
  3 adders
  10 gnolls
  A shadow imp (D:6)
  3 worms
  An adder skeleton (D:4)
  5 dart slugs
  26 orcs
  4 ball pythons
  6 endoplasms
  6 goblins
  6 hobgoblins
  14 kobolds
  2 quokkas (D:1)
  3 bats
  3 frilled lizards
  2 rats
174 creatures vanquished.

Notes
Turn   | Place    | Note
-------+----------+-------------------------------------------
     0 | D:1      | vomas the Minotaur Fighter began the quest for the Orb.
     0 | D:1      | Reached XP level 1. HP: 19/19 MP: 0/0
    76 | D:1      | Reached skill level 4 in Fighting
    77 | D:1      | Reached XP level 2. HP: 17/27 MP: 1/1
   475 | D:2      | Reached XP level 3. HP: 26/34 MP: 2/2
   559 | D:2      | Found Govesax's Book Boutique.
   910 | D:3      | Noticed Sigmund
   911 | D:3      | Found a faded altar of an unknown god.
   926 | D:3      | Killed Sigmund
   927 | D:3      | Reached skill level 5 in Fighting
   927 | D:3      | Reached skill level 5 in Armour
   927 | D:3      | Reached XP level 4. HP: 18/44 MP: 3/3
   927 | D:3      | Reached XP level 5. HP: 21/50 MP: 4/4
  1114 | D:3      | Got Migalum's Reference Book on Shifting Necromancy
  1211 | D:3      | Reached skill level 6 in Fighting
  1719 | D:4      | Noticed a phantom
  1733 | D:4      | Killed a phantom
  1734 | D:4      | Reached XP level 6. HP: 29/58 MP: 5/5
  2281 | D:4      | Reached skill level 5 in Shields
  2286 | D:4      | Reached skill level 7 in Fighting
  2489 | D:4      | Found a runed translucent door.
  2490 | D:4      | Noticed Crazy Yiuf
  2499 | D:4      | Killed Crazy Yiuf
  2853 | D:5      | Entered Level 5 of the Dungeon
  2901 | D:5      | Found a staircase to the Ecumenical Temple.
  2917 | D:5      | Reached skill level 1 in Throwing
  2917 | D:5      | Reached XP level 7. HP: 22/66 MP: 6/6
  2959 | Temple   | Entered the Ecumenical Temple
  3207 | Temple   | Became a worshipper of Warmaster Okawaru
  3451 | D:5      | Noticed Edmund
  3472 | D:5      | Killed Edmund
  3473 | D:5      | Reached skill level 8 in Fighting
  3951 | D:5      | Reached XP level 8. HP: 55/75 MP: 7/7
  4294 | D:5      | Noticed Ijyb
  4302 | D:5      | Killed Ijyb
  4325 | D:5      | Found a hide-covered altar of Uskayaw.
  4414 | D:6      | Reached * piety under Okawaru
  4558 | D:6      | Noticed Pikel
  4566 | D:6      | Killed Pikel
  4566 | D:6      | Reached ** piety under Okawaru
  4567 | D:6      | Reached skill level 9 in Fighting
  5012 | D:6      | Reached skill level 10 in Fighting
  5179 | D:6      | Noticed Duvessa
  5179 | D:6      | Noticed Dowan
  5184 | D:6      | Killed Dowan
  5190 | D:6      | Killed Duvessa
  5688 | D:7      | Reached XP level 9. HP: 79/86 MP: 8/8
  6018 | D:7      | Noticed Joseph
  6024 | D:7      | Killed Joseph
  6024 | D:7      | Reached *** piety under Okawaru
  6253 | D:7      | Reached skill level 11 in Fighting
  6404 | D:7      | Identified the +8 chain mail "Runiul Uskell" {Harm rPois
                  | MP+9 Int+3}
  6994 | D:8      | Reached skill level 12 in Fighting
  7066 | D:8      | Reached **** piety under Okawaru
  7416 | D:9      | Received a gift from Okawaru
  7417 | D:9      | Reached XP level 10. HP: 94/97 MP: 9/9
  7418 | D:9      | Reached skill level 10 in Armour
  8097 | D:9      | Reached skill level 10 in Shields
  8520 | D:10     | Entered Level 10 of the Dungeon
  8534 | D:10     | Found a staircase to the Orcish Mines.
  8536 | D:10     | Found Wuakk's General Store.
  8537 | D:10     | Found a staircase to the Lair.
  8547 | D:10     | Bought a potion of curing for 39 gold pieces
  8547 | D:10     | Bought a scroll of vulnerability for 97 gold pieces
  8547 | D:10     | Bought a scroll of identify for 26 gold pieces
  8547 | D:10     | Bought a potion of flight for 39 gold pieces
  8610 | D:10     | Noticed a deep elf pyromancer
  8611 | D:10     | Noticed an eight-headed hydra
  8647 | Lair:1   | Entered Level 1 of the Lair of Beasts
  8656 | D:10     | HP: 5/100 [nine-headed hydra (12)]
  8656 | D:10     | Slain by a fire elemental

Illustrated notes

Levels and vault maps discovered:
D:1:      dpeg_arrival_round_a, layout_rooms
D:2:      layout_rooms, serial_shops, shop, amcnicky_mini_pool_small
D:3:      layout_loops_ring, ebering_ecumenical_altar_box, serial_rivers,
          chequers_serial_rivers_micro_e, chequers_serial_rivers_micro_b,
          chequers_serial_rivers_micro_a, chequers_serial_rivers_marsh,
          uniq_sigmund
D:4:      layout_loops_ring, uniq_crazy_yiuf_cottage
D:5:      layout_loops_ring, nicolae_uskayaw_suspiria,
          minmay_temple_entry_water_ring, uniq_edmund, uniq_ijyb
D:6:      layout_basic, uniq_pikel, uniq_duvessa
D:7:      layout_basic, enter_bailey_5, hex_large, uniq_joseph
D:8:      layout_rooms
D:9:      layout_basic
D:10:     layout_basic, serial_shops, nicolae_diamond_shop, shop,
          minmay_pinched_square
Temple:   mainiacjoe_temple_hex_bubbles
Lair:1:   layout_gridlike

Skill      XL: |  1  2  3  4  5  6  7  8  9 10 |
---------------+-------------------------------+-----
Fighting       | 4 5 6 7 8 10 12 | 12.8
Armour         | 4 5 7 8 9 10 | 10.3
Shields        | 4 5 6 8 10 | 10.4
Throwing       | 1 2 |  2.9
Axes           | |  2.4
Stealth        | |  0.8
Unarmed Combat | |  0.3
Invocations    | |  0.8
Evocations     | |  0.3

Action                   |  1- 3 |  4- 6 |  7- 9 | 10-12 || total
-------------------------+-------+-------+-------+-------++-------
Melee: War axe           |    63 |    91 |   202 |   110 ||   466
       Headbutt          |     9 |    17 |    48 |    24 ||    98
       Unarmed           |     2 |       |       |       ||     2
Throw: Dart              |     4 |     3 |       |       ||     7
       Boomerang         |       |       |    10 |    11 ||    21
       Throwing net      |       |       |     1 |       ||     1
Invok: Heroism           |       |       |     5 |     1 ||     6
Evoke: Wand              |       |       |     2 |     4 ||     6
  Use: Potion            |     1 |     5 |       |     3 ||     9
       Scroll            |       |     5 |     4 |     4 ||    13
Armor: Scale mail        |    14 |     3 |       |       ||    17
       Chain mail        |       |    73 |   128 |   100 ||   301
Dodge: Dodged            |    28 |    43 |    82 |    39 ||   192
Block: Buckler           |    17 |    29 |    45 |       ||    91
       Tower shield      |       |       |   105 |   192 ||   297
       Reflection        |       |       |     1 |     1 ||     2
